 Dungeon Crawl Stone Soup version 0.30-a0-847-g17996783a1 (webtiles) character file.

Game seed: 18199373261662109733

1861 holysushi the Slicer (level 8, 0/58 HPs)
             Began as a Demonspawn Monk on Mar 3, 2023.
             Was an Initiate of Gozag.
             Killed from afar by Dowan (24 damage)
             ... with a stone arrow
             ... on level 7 of the Dungeon.
             The game lasted 00:13:07 (7319 turns).

holysushi the Slicer (Demonspawn Monk)              Turns: 7319, Time: 00:13:08

Health: 0/58       AC:  7    Str: 11    XL:     8   Next: 89%
Magic:  0/11       EV: 21    Int: 15    God:    Gozag
Gold:   756        SH:  0    Dex: 17    Spells: 5/11 levels left

rFire   + + .      SeeInvis .    a - +1 short sword
rCold   + . .      Faith    .    (no shield)
rNeg    + . .      Spirit   .    k - +2 robe {rN+}
rPois   .          Reflect  .    (helmet restricted)
rElec   .          Rampage  .    c - scarf {+Inv}
rCorr   .                        (no gloves)
Will    .....                    g - +2 pair of boots
Stlth   ++                       (no amulet)
HPRegen 0.29/turn                e - +5 ring of evasion
MPRegen 0.12/turn                (no ring)

@: gold aura
A: antennae 2, big brain 1, cold resistance 1, fire resistance 2
a: Renounce Religion, Evoke Invisibility, Potion Petition, Call Merchant, Bribe
Branch


You were on level 7 of the Dungeon.
You worshipped Gozag.
Gozag was pleased with you.
You visited 2 branches of the dungeon, and saw 8 of its levels.

You collected 756 gold pieces.

Inventory:

Hand Weapons
 a - a +1 short sword (weapon)
Missiles
 s - 3 throwing nets (quivered)
Armour
 c - a scarf of invisibility (worn)
 g - a +2 pair of boots (worn)
 k - a +2 robe of positive energy (worn)
 n - a +0 robe
 w - a +2 leather armour of willpower
Magical Staves
 b - a staff of poison
Jewellery
 e - a +5 ring of evasion (left hand)
 m - an amulet of faith
 t - an amulet of guardian spirit
Scrolls
 d - 3 scrolls of magic mapping
 h - 3 scrolls of identify
 i - a scroll of fear
 q - a scroll of enchant weapon
 r - a scroll of noise {unknown}
 u - a scroll of blinking
 v - a scroll of fog
Potions
 f - 2 potions of curing
 j - a potion of haste
 l - 2 potions of resistance
 o - a potion of ambrosia
 p - a potion of heal wounds {unknown}


   Skills:
 + Level 3.5 Fighting
 - Level 10.0 Short Blades
 + Level 6.8 Dodging
 + Level 2.4 Stealth
 - Level 2.0 Spellcasting
 + Level 6.2 Poison Magic


You had 5 spell levels left.
You knew the following spells:

 Your Spells              Type           Power      Damage    Failure   Level
a - Poisonous Vapours     Pois/Air       20%        N/A       10%         2
b - Olgreb's Toxic Radia  Pois           20%        N/A       17%         4

Your spell library contained the following spells:

 Spells                   Type           Power      Damage    Failure   Level
 Sting                    Tmut/Pois      40%        1d5       6%          1
 Necrotise                Necr           4%         1d4       22%         1
 Summon Small Mammal      Summ           4%         N/A       22%         1
 Call Canine Familiar     Summ           1%         N/A       54%         3
 Summon Guardian Golem    Hex/Summ       1%         N/A       54%         3
 Vampiric Draining        Necr           1%         2d6       54%         3
 Agony                    Necr           1%         N/A       99%         5


Dungeon Overview and Level Annotations

Branches:
Dungeon (7/15) Zot: 26828  Temple (1/1) D:5 Zot: 5858

Altars:
Ashenzari
Cheibriados
Dithmenos
Fedhas
Gozag
Hepliaklqana
Makhleb
Nemelex Xobeh
Okawaru
Qazlal
Ru
Trog
Uskayaw
Vehumet
Wu Jian
Yredelemnul

Annotations:
D:3 Grinder
D:4 1 runed translucent door, Crazy Yiuf
D:7 Dowan


Innate Abilities, Weirdness & Mutations

You have a pair of antennae on your head.
You have an unusually large brain. (Int +2)
Your flesh is cold resistant. (rC+)
Your flesh is very heat resistant. (rF++)


Message History

Duvessa is almost dead.
Duvessa barely misses you.
You hit Duvessa.
Duvessa is almost dead.
You hit Duvessa.
Duvessa is almost dead.
Duvessa barely misses you.
You hit Duvessa.
Duvessa is almost dead.
You hit Duvessa but do no damage.
Duvessa is almost dead.
Duvessa gestures with her weapon.
Duvessa hits you with a +0 short sword.
You hit Duvessa.
You kill Duvessa!
You hear a distant wail of despair.
Things that are here:
7 gold pieces; a +0 short sword; a +2 leather armour of willpower Dowan seems to find hidden reserves of power!
Dowan casts a spell at you. The shard of ice hits you. You partially resist.
Casting: Poisonous Vapours (safe; 10% risk of failure)
Confirm with . or Enter, or press ? or * to list all spells.
Aiming: Poisonous Vapours (safe; 10% risk of failure)
Press: ? - help, Dir - move target, f - Dowan
Aim: Dowan, wielding a +0 dagger and wearing a +0 robe (severely wounded, fast, poisoned) Poisonous vapours surround Dowan!
Dowan looks even sicker.
Dowan mumbles some strange words.
Dowan blinks!
Things that are here:
7 gold pieces; a +0 short sword; a +2 leather armour of willpower Dowan mumbles some strange words.
Dowan blinks!
Things that are here:
7 gold pieces; a +0 short sword; a +2 leather armour of willpower
w - a +2 leather armour of willpower Dowan points at you and mumbles some strange words.
The stone arrow hits you!!
You die...
Your body crumbles into a pile of gold.

#.......#........## ###.....#
#..................###...##...
#.....$.............<...######
#.....$........######..##
#..............# #...#####
#....?......e..# ##......##
...##..........# #........ .#
#.....####.# #........ #....##
#@# #..###### ##...# #.# #.##
#...# #.# #.# #...# #.# #.#
#...#####.# #.# #
#.........### #.# #
#..#####....## ##.## ## ####
#..##.####...# #.
#.####....#### ##.


You could see Dowan (fast, poisoned).

Vanquished Creatures
  Duvessa (D:7)
  An ice beast (D:7)
  A sky beast (D:5)
  A black bear (D:6)
  An ogre (D:6)
  2 centaurs
  A phantom (D:4)
  A gnoll sergeant (D:6)
  A bullfrog (D:6)
  2 scorpions
  A howler monkey (D:5)
  A jelly (D:5)
  4 hounds
  2 gnoll boudas (D:6)
  4 orc priests
  5 iguanas
  Jessica (D:2)
  3 orc wizards
  6 adders
  10 gnolls (D:6)
  2 dart slugs
  9 orcs
  10 bats
  4 endoplasms
  3 giant cockroaches
  11 goblins
  6 hobgoblins
  7 jackals
  5 kobolds
  8 ball pythons
  A frilled lizard (D:1)
  5 rats
120 creatures vanquished.

Vanquished Creatures (others)
  A plant (D:3)
1 creature vanquished.

Grand Total: 121 creatures vanquished

Notes
Turn   | Place    | Note
-------+----------+-------------------------------------------
     0 | D:1      | holysushi the Demonspawn Monk began the quest for the Orb.
     0 | D:1      | Reached XP level 1. HP: 18/18 MP: 1/1
    34 | D:1      | Reached skill level 3 in Short Blades
   128 | D:1      | Gained mutation: You have an unusually large brain. (Int
                  | +2) [demonic ancestry]
   128 | D:1      | Reached XP level 2. HP: 24/24 MP: 2/2
   439 | D:1      | Gained mutation: You have a pair of small antennae on your
                  | head. [demonic ancestry]
   439 | D:1      | Reached XP level 3. HP: 23/29 MP: 3/3
   521 | D:1      | Reached skill level 4 in Short Blades
   867 | D:2      | Learned a level 2 spell: Poisonous Vapours
  1066 | D:2      | Noticed Jessica
  1081 | D:2      | Killed Jessica
  1082 | D:2      | Reached XP level 4. HP: 35/35 MP: 3/5
  1322 | D:3      | Reached skill level 1 in Poison Magic
  1459 | D:3      | Found a hazy altar of Hepliaklqana.
  1474 | D:3      | Noticed Grinder
  1482 | D:3      | Reached skill level 9 in Short Blades
  1482 | D:3      | Reached XP level 5. HP: 41/41 MP: 6/6
  1483 | D:3      | Paralysed by Grinder for 2 turns
  1514 | D:3      | Paralysed by Grinder for 5 turns
  1905 | D:4      | Found a runed translucent door.
  1906 | D:4      | Noticed Crazy Yiuf
  2023 | D:4      | Reached skill level 1 in Spellcasting
  2258 | D:4      | Noticed a centaur
  2576 | D:3      | Found an ornate altar of the Wu Jian Council.
  2934 | D:4      | Killed a centaur
  2935 | D:4      | Gained mutation: You have a pair of antennae on your head.
                  | [demonic ancestry]
  2935 | D:4      | Reached XP level 6. HP: 24/47 MP: 6/8
  3736 | D:4      | Found a sacrificial altar of Ru.
  3789 | D:4      | Learned a level 4 spell: Olgreb's Toxic Radiance
  3813 | D:5      | Entered Level 5 of the Dungeon
  3817 | D:5      | Reached XP level 7. HP: 52/52 MP: 8/10
  4384 | D:4      | Gained mutation: Your system is resistant to poisons.
                  | (rPois) [potion of mutation]
  4384 | D:4      | Gained mutation: A frigid envelope surrounds you and
                  | freezes all who hurt you. [potion of mutation]
  4384 | D:4      | Gained mutation: Your body sometimes deteriorates upon
                  | taking damage. [potion of mutation]
  4385 | D:4      | Lost mutation: A frigid envelope surrounds you and freezes
                  | all who hurt you. [potion of mutation]
  4385 | D:4      | Lost mutation: Your system is resistant to poisons. (rPois)
                  | [potion of mutation]
  4385 | D:4      | Lost mutation: Your body sometimes deteriorates upon taking
                  | damage. [potion of mutation]
  4385 | D:4      | Gained mutation: Your flesh is heat resistant. (rF+)
                  | [potion of mutation]
  4385 | D:4      | Gained mutation: Your flesh is very heat resistant. (rF++)
                  | [potion of mutation]
  4385 | D:4      | Gained mutation: Your flesh is cold resistant. (rC+)
                  | [potion of mutation]
  4700 | D:5      | Found a staircase to the Ecumenical Temple.
  4816 | Temple   | Entered the Ecumenical Temple
  4939 | Temple   | Became a worshipper of Gozag Ym Sagoz the Greedy
  5171 | D:5      | Found a broken altar of Ashenzari.
  5320 | D:5      | Reached skill level 10 in Short Blades
  5700 | D:6      | Reached XP level 8. HP: 50/58 MP: 2/11
  5881 | D:6      | Reached skill level 5 in Poison Magic
  6748 | D:6      | Identified the +5 spear "Unorok" {speed, *Rage Str+4}
  7284 | D:7      | Noticed Duvessa
  7284 | D:7      | Noticed Dowan
  7312 | D:7      | Killed Duvessa
  7319 | D:7      | Killed from afar by Dowan

Illustrated notes

Levels and vault maps discovered:
D:1:      minmay_arrival_loop, layout_rooms
D:2:      layout_rooms, minmay_misc_feat_tower, serial_bayou_pond_d,
          uniq_jessica
D:3:      layout_loops_ring, nicolae_hepliaklqana_hazy_memory,
          old_standard_altar, minmay_misc_feat_hallway, nrook_uturn,
          uniq_grinder
D:4:      kennysheep_spiral_hall, layout_loops_corners,
          gammafunk_temple_overflow_elements, uniq_crazy_yiuf_cottage
D:5:      layout_basic, amcnicky_altar_gilded, minmay_temple_entry_nine_rooms
D:6:      layout_loops_corners, st_stairs_8
D:7:      layout_layer_cave, mainiacjoe_overflow_tiny_flanked, serial_shops,
          shop, uniq_duvessa
Temple:   nicolae_temple_god_jail

Skill      XL: |  1  2  3  4  5  6  7  8 |
---------------+-------------------------+-----
Short Blades   | 3 4 9 10 | 10.0
Poison Magic   | 1 2 4 6 |  6.2
Dodging        | 6 |  6.8
Spellcasting   | 1 2 |  2.0
Stealth        | 2 |  2.4
Fighting       | |  3.5

Action                     |  1- 3 |  4- 6 |  7- 9 || total
---------------------------+-------+-------+-------++-------
  Melee: Short sword       |   184 |   236 |   299 ||   719
         Punch             |       |     2 |     1 ||     3
   Cast: Poisonous Vapours |       |     5 |    22 ||    27
         Olgreb's Toxic Ra |       |       |    11 ||    11
    Use: Potion            |     2 |     3 |     3 ||     8
         Scroll            |       |     9 |     1 ||    10
   Stab: Sleeping          |     2 |     6 |       ||     8
 Armour: Robe              |    29 |    28 |    26 ||    83
         Skin              |     9 |       |       ||     9
  Dodge: Dodged            |   229 |   150 |   167 ||   546

Table legend: (Time is in decaauts)
 A = Elapsed time spent in this place.
 B = Non-inter-level travel time spent in this place.
 C = Inter-level travel time spent in this place.
 D = Time resting spent in this place.
 E = Time spent auto-exploring this place.
 F = Levels seen in this place.
 G = Mean time per level.
                   A        B        C        D        E       F      G
               +--------+--------+--------+--------+--------+-----+--------+
         Total |   7016 |   6604 |    412 |    922 |   4092 |   8 |  877.0 |
       Dungeon |   6874 |   6496 |    378 |    922 |   4065 |   7 |  982.0 |
        Temple |    141 |    108 |     33 |      0 |     27 |   1 |  141.0 |
               +--------+--------+--------+--------+--------+-----+--------+

Top non-repeatable levels by time:
     D:4: 1652 daAuts
     D:6: 1564 daAuts
     D:5: 1266 daAuts
     D:3: 788 daAuts
     D:2: 756 daAuts
     D:1: 676 daAuts
     D:7: 170 daAuts
  Temple: 141 daAuts
